AoeStats
← Vegeta

Arena

506085532Analyzed
4v4 RM · 19d ago on Sep 12, 2026· 53m 16s· 8 players
Game mode
Random Map
Map size
Large (8 player)
Population
200
Speed
Normal
Resources
Standard
Victory
Conquest
Starting age
Dark Age
Ending age
Imperial Age
RankedLock teamsTeams togetherTeam positionsShared explorationLock speedFull tech treeHidden civsTurbo modeCheats
Victory
Defeat
🇭🇰 Romans · Hong Kong SAR China
1556
+18
🇬🇧 Ethiopians · United Kingdom
1554
+18
🇩🇪 Portuguese · Germany
1535
+19
🇸🇮 Hindustanis · Slovenia
1509
+19
🇸🇬 Dravidians · Singapore
1755
-25
🇻🇳 Franks · Vietnam
1617
-19
🇹🇼 Poles · Taiwan
1555
-17
🇻🇳 Teutons · Vietnam
1459
-13
TheJenonator
9:16 Loom
11:32 Feudal Age
12:40 Double-Bit Axe
15:27 Castle Age
13:09 Horse Collar
16:35 Bow Saw
16:43 Heavy Plow
20:19 Stone Mining
23:20 Wheelbarrow
23:53 Gold Mining
25:17 Hand Cart
25:54 Gold Shaft Mining
29:14 Imperial Age
29:06 Scale Mail Armor
29:16 Forging
29:19 Onager
30:14 Torsion Engines
31:04 Conscription
31:49 Chemistry
31:10 Squires
31:27 Chain Mail Armor
32:29 Plate Mail Armor
33:00 Stone Shaft Mining
31:50 Halberdier
33:38 Siege Engineers
33:45 Masonry
34:26 Iron Casting
36:19 Blast Furnace
37:17 Two-Man Saw
38:20 Siege Onager
39:14 Guilds
40:23 Caravan
52:22 Man-at-Arms
53:00 Long Swordsman
Mazer
11:27 Feudal Age
9:54 Loom
12:04 Feudal Age
17:43 Castle Age
16:31 Double-Bit Axe
22:37 Horse Collar
28:55 Heavy Plow
30:56 Fletching
36:14 Imperial Age
34:03 Gold Mining
35:01 Bow Saw
35:04 Bodkin Arrow
35:09 Scale Mail Armor
34:31 Pikeman
36:47 Chain Mail Armor
37:55 Chemistry
38:32 Conscription
40:35 Stone Mining
42:59 Arquebus
46:31 Elite Skirmisher
47:15 Padded Archer Armor
48:45 Leather Archer Armor
51:35 Bracer
52:45 Ring Archer Armor
52:56 Ballistics
LiBi
10:16 Feudal Age
14:10 Castle Age
12:25 Double-Bit Axe
13:25 Horse Collar
15:14 Bow Saw
20:21 Wheelbarrow
22:14 Heavy Plow
22:13 Loom
24:13 Hand Cart
25:29 Gold Mining
28:24 Imperial Age
26:13 Stone Mining
26:59 Gold Shaft Mining
26:06 Pikeman
26:47 Squires
26:49 Scale Mail Armor
27:43 Squires
28:01 Chain Mail Armor
27:57 Forging
28:16 Town Watch
28:35 Halberdier
29:50 Conscription
31:07 Chemistry
31:32 Ballistas
32:06 Iron Casting
31:22 Fletching
31:12 Heavy Scorpion
32:28 Man-at-Arms
34:15 Blast Furnace
33:11 Bodkin Arrow
33:39 Ballistics
33:31 Masonry
33:01 Long Swordsman
34:34 Siege Engineers
33:55 Legionary
38:17 Crop Rotation
37:54 Scale Barding Armor
37:22 Capped Ram
39:28 Comitatenses
39:45 Siege Ram
43:00 Architecture
44:15 Chain Barding Armor
48:21 Coinage
48:02 Guilds
47:52 Caravan
49:05 Plate Barding Armor
49:53 Banking
Mr. Weedman
11:08 Feudal Age
14:59 Castle Age
13:01 Double-Bit Axe
13:39 Horse Collar
24:21 Bow Saw
26:08 Loom
29:18 Imperial Age
27:45 Scale Barding Armor
27:51 Forging
27:56 Husbandry
28:06 Bloodlines
31:19 Chemistry
30:36 Bloodlines
30:25 Gold Mining
31:14 Heavy Plow
31:51 Wheelbarrow
31:26 Heavy Camel Rider
34:09 Conscription
35:08 Shatagni
36:09 Chain Barding Armor
36:25 Iron Casting
37:12 Light Cavalry
37:13 Imperial Camel Rider
38:58 Gold Shaft Mining
38:53 Hussar
41:36 Plate Barding Armor
Vegeta
10:09 Feudal Age
13:59 Castle Age
12:15 Double-Bit Axe
13:01 Horse Collar
14:54 Bow Saw
14:45 Heavy Plow
25:45 Wheelbarrow
25:02 Gold Mining
25:03 Stone Mining
29:17 Imperial Age
26:35 Loom
27:16 Hand Cart
26:46 Town Watch
27:58 Town Patrol
28:19 Scale Mail Armor
28:32 Gambesons
28:51 Squires
28:37 Arson
28:12 Man-at-Arms
28:31 Pikeman
29:29 Chain Mail Armor
29:20 Halberdier
29:34 Long Swordsman
30:47 Plate Mail Armor
30:27 Forging
30:39 Wootz Steel
30:40 Conscription
31:28 Two-Man Saw
30:15 Two-Handed Swordsman
31:30 Medical Corps
32:04 Iron Casting
31:21 Fletching
31:53 Ballistics
32:33 Chemistry
31:14 Champion
32:22 Siege Elephant
34:02 Onager
36:11 Blast Furnace
35:06 Bodkin Arrow
35:12 Padded Archer Armor
35:33 Ballistics
36:14 Chemistry
35:09 Murder Holes
36:23 Bracer
36:34 Thumb Ring
36:19 Elite Elephant Archer
37:17 Leather Archer Armor
39:30 Ring Archer Armor
44:52 Elite Skirmisher
49:14 Masonry
52:25 Guilds
shogun
6:11 Loom
9:26 Feudal Age
10:41 Fletching
14:13 Horse Collar
17:34 Double-Bit Axe
20:14 Wheelbarrow
26:01 Castle Age
25:14 Stone Mining
25:22 Gold Mining
26:59 Bodkin Arrow
28:11 Bow Saw
33:08 Hand Cart
36:52 Imperial Age
34:58 Padded Archer Armor
35:32 Forging
35:28 Scale Barding Armor
36:02 Squires
37:10 Bloodlines
36:22 Pikeman
36:48 Gambesons
37:56 Conscription
38:37 Cavalier
40:05 Iron Casting
39:31 Scale Mail Armor
41:15 Chemistry
41:08 Elite Skirmisher
41:31 Paladin
44:27 Blast Furnace
43:48 Chain Barding Armor
44:18 Scale Mail Armor
44:19 Padded Archer Armor
45:51 Ballistics
45:39 Halberdier
47:21 Chain Mail Armor
47:41 Plate Barding Armor
47:20 Masonry
49:54 Leather Archer Armor
50:10 Plate Mail Armor
53:02 Ring Archer Armor
53:43 Two-Man Saw
timembh
11:24 Feudal Age
12:46 Double-Bit Axe
15:12 Castle Age
16:42 Bow Saw
19:08 Loom
20:04 Wheelbarrow
23:30 Gold Mining
23:56 Stone Mining
24:36 Hand Cart
30:23 Imperial Age
27:19 Pikeman
28:21 Scale Barding Armor
28:53 Forging
28:48 Squires
30:57 Iron Casting
30:23 Scale Mail Armor
33:04 Blast Furnace
32:47 Chain Mail Armor
32:09 Halberdier
32:11 Onager
33:20 Conscription
32:29 Cavalier
34:57 Chain Barding Armor
35:48 Chemistry
35:54 Plate Mail Armor
35:19 Town Watch
36:48 Gold Shaft Mining
36:36 Ballistics
37:12 Siege Engineers
37:56 Plate Barding Armor
38:51 Coinage
38:35 Paladin
39:12 Fletching
39:34 Masonry
40:38 Husbandry
51:29 Bodkin Arrow
Guilter
10:58 Feudal Age
15:04 Castle Age
12:59 Double-Bit Axe
13:15 Horse Collar
15:07 Loom
15:55 Bow Saw
15:46 Heavy Plow
15:55 Town Watch
19:06 Stone Mining
22:50 Stone Shaft Mining
22:07 Gold Mining
22:52 Stone Shaft Mining
23:37 Wheelbarrow
27:34 Imperial Age
25:57 Hand Cart
26:29 Fletching
26:39 Padded Archer Armor
26:33 Crossbowman
27:30 Thumb Ring
27:38 Arbalester
28:56 Bodkin Arrow
29:16 Leather Archer Armor
29:34 Ballistics
30:24 Chemistry
31:15 Crop Rotation
32:01 Conscription
31:04 Light Cavalry
31:54 Bloodlines
31:45 Husbandry
32:10 Bracer
32:21 Forging
32:16 Scale Barding Armor
33:15 Treadmill Crane
33:46 Masonry
34:35 Siege Engineers
34:20 Winged Hussar
36:09 Iron Casting
35:54 Chain Barding Armor
36:55 Town Patrol
37:59 Blast Furnace
38:14 Bombard Tower
39:52 Lechitic Legacy
42:03 Elite Skirmisher
43:07 Fortified Wall
52:42 Caravan
Connection lost

Rejoining the realm…

Still unreachable

The connection could not be restored.

Session expired

The server has moved on; the page needs a fresh start.